Map: New Gettysburg LE

Players

Bolger - Winner!

  • Race: Terran Terran
  • League: Silver

Gracz

  • Race: Zerg Zerg
  • League: Silver

VOD

Have the link to the VOD?

Description

Time

  • Played on: Oct. 23, 2016, 1:40 p.m.
  • Length: 12:27
Show
View Real Time Build Order
Export as new Build Order

Bolger Terran - Winner!

Build Orders: Liberator Opening, MMM Bio 

Get SALT Encoding   

  12  0:01  SCV  
  13  0:13  SCV  
  14  0:19  Supply Depot  
  14  0:25  SCV  
  15  0:41  SCV  
  15  0:42  Barracks  
  16  0:46  Refinery  
  16  0:53  SCV  
  17  1:05  SCV  
  18  1:17  SCV  
  19  1:29  SCV  
  19  1:30  Reaper  
  21  1:36  Supply Depot  
  21  1:42  Barracks, SCV  
  21  1:47  Refinery  
  22  1:55  SCV  
  23  2:12  Barracks Tech Lab  
  23  2:15  Factory  
  23  2:20  Orbital Command  
  23  2:21  Barracks  
  23  3:12  Barracks Reactor  
  22  3:14  Marine  
  22  3:15  Marine  
  24  3:21  Starport  
  24  3:25  Unknown, Command Center  
  24  3:29  SCV  
  24  3:32  Marine x2, Factory Tech Lab  
  27  3:41  SCV  
  28  3:50  Marine x2  
  28  3:51  Liberator  
  33  4:11  Supply Depot  
  33  4:13  Supply Depot  
  33  4:16  Marauder  
  35  4:17  Marine x2  
  37  4:25  Stimpack  
  37  4:36  Unknown  
  37  4:37  Supply Depot  
  37  4:38  Marauder  
  39  4:55  Supply Depot  
  39  5:01  Siege Tank  
  42  5:54  Marauder  
  42  5:55  Marine x3  
  44  6:00  SCV  
  45  6:10  Engineering Bay  
  45  6:12  Marine, SCV  
  45  6:13  Marine x2  
  45  6:15  Marauder  
  51  6:18  Engineering Bay  
  51  6:24  Medivac  
  53  6:30  Marine  
  53  6:31  SCV  
  55  6:37  Marauder  
  57  6:40  Missile Turret  
  57  6:43  SCV  
  58  6:54  Medivac  
  58  6:56  Marine x2  
  58  6:58  Marauder  
  64  7:02  Combat Shields  
  64  7:10  Missile Turret  
  64  7:12  SCV  
  65  7:20  Marine, Marauder  
  68  7:41  Marauder  
  70  7:50  Unknown, Command Center  
  70  7:52  Siege Tank  
  73  8:02  Marauder  
  75  8:12  Terran Infantry Weapons Level 1  
  75  8:13  Terran Infantry Armor Level 1  
  75  8:18  Marine  
  75  8:19  Marine  
  77  8:24  Marauder  
  79  8:45  Marauder  
  81  9:02  Unknown  
  82  9:24  Marauder  
  82  9:27  Marine x3  
  85  9:31  Medivac  
  85  9:35  SCV  
  88  9:43  Planetary Fortress  
  88  9:45  Marine x3, Marauder  
  93  9:47  SCV  
  94  10:01  Medivac  
  94  10:02  Marine  
  94  10:03  Marine x2  
  101  10:07  Marauder  
  101  10:21  Supply Depot  
  101  10:23  Supply Depot  
  101  10:37  Marine x2  
  101  10:42  Marine x2  
  103  10:55  Marine x2  
  105  11:00  Marine x2  
  105  11:03  Supply Depot  
  105  11:04  Supply Depot  
  107  11:12  Marine  
  107  11:13  Marine  
  107  11:18  Marine  
  109  11:19  Marauder  
  98  11:26  Supply Depot  
  98  11:29  Supply Depot  
  98  11:30  Marine x2  
  90  11:36  Marine  
  91  11:40  Marauder  
  89  11:48  Marine x2  
  89  11:51  Supply Depot  
  89  11:53  Supply Depot  
  89  11:54  Marine  
  94  12:01  Marauder  
Show
View Real Time Build Order
Export as new Build Order

Gracz Zerg 

Build Orders: Hatch First 

Get SALT Encoding   

  12  0:01  Drone  
  13  0:08  Drone  
  14  0:18  Overlord  
  14  0:37  Drone x3  
  17  0:46  Extractor  
  16  0:57  Unknown, Hatchery  
  15  1:13  Spawning Pool  
  15  1:15  Drone  
  15  1:23  Drone  
  16  1:27  Drone  
  16  1:29  Drone  
  18  1:45  Drone  
  19  1:48  Extractor, Drone  
  19  2:00  Drone  
  20  2:03  Metabolic Boost  
  20  2:08  Roach Warren  
  19  2:09  Unknown  
  19  2:14  Drone  
  20  2:16  Drone  
  21  2:30  Queen  
  23  2:39  Zergling x2  
  23  2:40  Zergling x2  
  25  3:24  Drone  
  25  3:25  Drone x2  
  28  3:44  Overlord  
  28  3:45  Overlord  
  28  4:03  Queen  
  28  4:04  Drone x5  
  35  4:10  Overlord  
  35  4:26  Evolution Chamber  
  35  4:29  Evolution Chamber  
  33  4:33  Queen  
  33  4:36  Roach x2  
  39  4:50  Lair  
  39  4:52  Zerg Melee Weapons Level 1  
  39  4:55  Zerg Ground Armor Level 1  
  39  4:59  Roach  
  41  5:01  Drone  
  42  5:16  Roach  
  42  5:18  Overlord  
  42  5:19  Overlord  
  40  6:01  Drone x5  
  40  6:03  Drone  
  49  6:04  Drone x5  
  49  6:09  Roach  
  53  6:21  Extractor  
  52  6:36  Infestation Pit  
  52  6:38  Hydralisk Den  
  50  6:42  Drone x6  
  56  6:50  Extractor, Drone x4  
  56  6:51  Drone  
  56  6:53  Overlord  
  60  6:54  Overlord  
  60  7:12  Drone  
  60  7:13  Overlord x2  
  61  7:20  Queen  
  61  7:21  Queen  
  65  7:27  Roach  
  65  7:28  Roach x3  
  73  7:39  Zergling x8  
  77  7:51  Zergling x8  
  78  7:54  Glial Reconstitution  
  78  7:56  Unknown, Hatchery  
  80  8:13  Roach x2  
  80  8:14  Roach x3  
  80  8:15  Ravager  
  80  8:16  Ravager  
  80  8:17  Overlord  
  92  8:30  Hive  
  92  8:40  Ravager x3  
  85  9:18  Hydralisk  
  85  9:19  Hydralisk x6  
  85  9:21  Overlord  
  99  9:40  Unknown, Hatchery  
  98  9:46  Viper x2  
  98  9:48  Roach x2  
  108  9:54  Ultralisk Cavern  
  107  10:07  Overlord x4  
  107  10:25  Overlord x2  
  107  10:31  Roach x2  
  107  10:44  Roach  
  107  10:45  Roach x3  
  115  10:51  Unknown  
  115  10:52  Spine Crawler  
  115  10:53  Spine Crawler, Drone  
  115  10:54  Drone x2  
  115  10:55  Spine Crawler  
  115  11:03  Chitinous Plating  
  76  11:32  Roach x10  
  76  11:33  Roach x2  
  70  11:56  Spore Crawler  
  70  11:57  Spore Crawler  
Tags
 
Add a new tag
Caveats
  • Supply blocks, unpowered buildings, or Contaminate may cause inaccurate times.
  • Supply counts are checked every 10 seconds.